 Dungeon Crawl Stone Soup version 0.25.0-3-gd7cc5688da (webtiles) character file.

Game seed: 3230694815322683707

261 shadizar the Shield-Bearer (level 6, -9/39 HPs)
             Began as a Gargoyle Fighter on June 15, 2020.
             Killed from afar by an orc wizard (14 damage)
             ... with a puff of flame
             ... on level 4 of the Dungeon.
             The game lasted 00:03:38 (3790 turns).

shadizar the Shield-Bearer (Gargoyle Fighter)       Turns: 3790, Time: 00:03:39

Health: -9/39      AC: 11    Str: 22    XL:     6   Next: 18%
Magic:  6/6        EV:  8    Int:  8    God:
Gold:   196        SH:  9    Dex:  9    Spells: 5/5 levels left

rFire    . . .     SeeInvis .   a - +0 flail
rCold    . . .     Gourm    .   c - +0 kite shield
rNeg     + . .     Faith    .   b - +0 scale mail
rPois    ∞         Spirit   .   (no helmet)
rElec    +         Reflect  .   (no cloak)
rCorr    .         Harm     .   (no gloves)
MR       .....                  (no boots)
Stlth    ..........             (no amulet)
HPRegen  0.13/turn              (no ring)
MPRegen  0.10/turn              (no ring)

@: no status effects
A: negative energy resistance 1, electricity resistance, unbreathing,
petrification resistance, rot immunity, AC +4
a: no special abilities


You were on level 4 of the Dungeon.
You were not hungry.

You visited 1 branch of the dungeon, and saw 4 of its levels.

You collected 196 gold pieces.

Inventory:

Hand Weapons
 a - a +0 flail (weapon)
Armour
 b - a +0 scale mail (worn)
 c - a +0 kite shield (worn)
 r - a +0 hat
 t - a +0 cloak
Jewellery
 g - a +4 ring of evasion {unknown}
Scrolls
 e - 5 scrolls of teleportation {unknown}
 h - 2 scrolls of identify {unknown}
 i - a scroll of random uselessness {unknown}
 j - 2 scrolls of magic mapping {unknown}
 l - 3 scrolls of remove curse {unknown}
 m - a scroll of fear {unknown}
 o - 3 scrolls of blinking {unknown}
 p - 2 scrolls of enchant weapon {unknown}
 s - a scroll of immolation {unknown}
Potions
 d - a potion of might
 k - 2 potions of lignification {unknown}
 n - a potion of stabbing {unknown}
 q - 2 potions of brilliance {unknown}
Comestibles
 f - 4 rations
 u - 7 chunks of flesh


   Skills:
 + Level 4.4 Fighting
 + Level 3.2 Maces & Flails
 + Level 4.3 Armour
 + Level 2.0 Dodging
 + Level 4.4 Shields


You had 5 spell levels left.
You didn't know any spells.
Your spell library was empty.

Dungeon Overview and Level Annotations

Branches:
Dungeon (4/15)
 Temple: D:4-7

Altars:
Dithmenos
Kikubaaqudgha


Innate Abilities, Weirdness & Mutations

You are resistant to torment.
Your stone body is resilient. (AC +4)
You are immune to poison.
You resist negative energy. (rN+)
You are resistant to electric shocks. (rElec)
You can survive without breathing.
You are immune to petrification.
You are immune to rotting.


Message History

The orc priest hits you but does no damage.
The adder bites you but does no damage.
You sock the orc priest!
The orc priest is almost dead.
The orc wizard miscasts a cantrip.
The orc priest hits you but does no damage.
You block the adder's attack.
You barely miss the orc priest.
The orc priest is almost dead.
The adder bites you but does no damage.
The orc priest invokes the aid of Beogh against you.
Beogh smites you!
The orc wizard hits you but does no damage.
The adder bites you but does no damage.
The orc priest calls down the wrath of Beogh upon you.
Beogh smites you!
* * * LOW HITPOINT WARNING * * *
The orc wizard casts a spell at you. The puff of flame hits you!
You die...

.........#..#..........
......#..##............
....##...#.............
##..#................## ...
####..###............###...
#...##.....................
#.........................<
#...........÷oo...........).
........##..#@o.##...#......
...#........###So.#..##......
...##..........##o#o..#.......
......###.....o#.##.†......
.....## ................$...
..... .................... ...
##.#####............ ..
#...$....#... . ##...........


You could see an orc priest, an orc wizard (fast), an adder and 5 orcs.

Vanquished Creatures
  A centaur skeleton (D:4)
  An iguana (D:4)
  An orc wizard (D:3)
  10 adders
  A shadow imp (D:3)
  An ooze (D:2)
  2 worms
  A dart slug (D:3)
  2 leopard geckos
  12 orcs
  4 bats
  2 giant cockroaches
  6 goblins
  3 hobgoblins
  4 quokkas
  4 frilled lizards
  6 kobolds
  A leopard gecko skeleton (D:4)
  4 rats
66 creatures vanquished.

Notes
Turn   | Place    | Note
-------+----------+-------------------------------------------
     0 | D:1      | shadizar the Gargoyle Fighter began the quest for the Orb.
     0 | D:1      | Reached XP level 1. HP: 14/14 MP: 1/1
   202 | D:1      | Reached XP level 2. HP: 19/19 MP: 2/2
   692 | D:2      | Reached XP level 3. HP: 23/23 MP: 3/3
  1247 | D:2      | Reached skill level 1 in Dodging
  1254 | D:2      | Found a shadowy altar of Dithmenos.
  1386 | D:2      | Reached XP level 4. HP: 23/29 MP: 4/4
  1553 | D:2      | Found an ancient bone altar of Kikubaaqudgha.
  2142 | D:3      | Reached XP level 5. HP: 23/33 MP: 5/5
  3527 | D:4      | Reached XP level 6. HP: 32/38 MP: 6/6
  3790 | D:4      | Killed from afar by an orc wizard

Illustrated notes

Levels and vault maps discovered:
D:1:      eino_arrival_cavern_e, layout_loops_ring, serial_bayou_lagoon_a
D:2:      layout_basic, lemuel_crystal_altar, grunt_dithmenos_smoke,
          first_ration
D:3:      minmay_door_path, layout_basic
D:4:      layout_cave_pools, nicolae_overflow_crystal_walls,
          uniq_crazy_yiuf_cottage, uniq_grinder

Skill      XL: |  1  2  3  4  5  6 |
---------------+-------------------+-----
Dodging        | 1 2 |  2.0
Fighting       | 4 |  4.4
Armour         | 4 |  4.3
Shields        | 4 |  4.4
Maces & Flails | 3 |  3.2

Action                   |  1- 3 |  4- 6 || total
-------------------------+-------+-------++-------
Melee: Flail             |   109 |   243 ||   352
  Eat: Chunk             |     1 |     9 ||    10
Armor: Scale mail        |    56 |   142 ||   198
Dodge: Dodged            |    38 |    68 ||   106
Block: Kite shield       |    69 |   120 ||   189
